Map: Tours du crépuscule

Players

LÉopOLDineFr - Winner!

  • Race: Terran Terran
  • League: Platinum

FoxyGraph

  • Race: Terran Terran

VOD

Have the link to the VOD?

Description

Time

  • Played on: Nov. 26, 2015, 9:40 a.m.
  • Length: 15:56
Show
View Real Time Build Order
Export as new Build Order

LÉopOLDineFr Terran - Winner!

Build Orders: Mech 

Get SALT Encoding   

  12  0:01  SCV  
  13  0:13  SCV  
  14  0:18  Supply Depot  
  14  0:25  SCV  
  15  0:40  SCV, Barracks  
  16  0:45  Refinery  
  16  0:52  SCV  
  17  1:04  SCV  
  18  1:16  SCV  
  19  1:28  Marine  
  19  1:29  Orbital Command  
  20  1:43  Command Center  
  20  1:50  Supply Depot  
  20  1:55  Factory  
  20  2:04  Supply Depot  
  20  2:05  SCV  
  21  2:17  Marine  
  21  2:20  SCV  
  21  2:21  Refinery  
  22  2:32  SCV  
  23  2:39  Hellion  
  23  2:41  Factory  
  25  2:44  SCV  
  25  2:45  Barracks Reactor  
  26  2:56  SCV  
  27  3:01  Orbital Command  
  27  3:08  SCV, Hellion  
  30  3:27  Factory Tech Lab  
  30  3:41  SCV x2  
  31  3:46  Hellion x2  
  31  3:47  Hellion, Infernal Pre-Igniter  
  37  3:49  Starport  
  37  3:54  SCV x2  
  39  3:56  Supply Depot  
  39  4:06  SCV x2  
  39  4:08  Hellion  
  39  4:09  Starport  
  43  4:13  Hellion  
  45  4:18  Hellion  
  45  4:22  SCV  
  45  4:23  SCV  
  49  4:28  Supply Depot  
  49  4:29  Medivac  
  51  4:34  SCV  
  51  4:35  SCV  
  53  4:45  Starport Tech Lab  
  53  4:47  SCV  
  53  4:49  SCV, Hellion, Siege Tank  
  53  4:52  Supply Depot x2  
  60  4:58  Viking  
  62  5:14  SCV x2, Hellion x2  
  68  5:17  Banshee  
  71  5:26  SCV x2  
  73  5:37  Cloaking Field  
  73  5:38  SCV x2  
  73  5:40  Hellion  
  77  5:45  Supply Depot  
  77  5:46  Command Center  
  77  5:48  Hellion  
  77  5:49  Viking  
  81  5:50  SCV  
  74  6:20  Hellion, Siege Tank  
  74  6:21  Hellion  
  81  6:29  Supply Depot x2  
  81  6:31  Refinery x2  
  81  6:34  Supply Depot  
  81  6:35  Armory  
  81  6:37  SCV  
  81  6:38  SCV  
  83  6:42  Hellion x2  
  86  6:50  SCV x2  
  86  6:52  Hellion  
  77  7:02  SCV  
  76  7:11  Hellion x2  
  80  7:16  Banshee  
  80  7:17  Viking  
  80  7:18  SCV x2  
  80  7:19  Factory  
  87  7:30  SCV x2  
  89  7:42  SCV  
  89  7:43  SCV  
  91  7:57  Siege Tank  
  91  7:58  Hellion x2  
  98  8:03  Factory  
  84  8:24  SCV x2  
  84  8:25  Hellion x2  
  90  8:29  Siege Tank  
  88  8:36  SCV x2  
  90  8:43  Banshee  
  90  8:44  Viking  
  90  8:46  Hellion x3, Barracks Tech Lab  
  90  8:48  SCV x2, Hellion  
  105  8:54  Orbital Command  
  105  8:57  Refinery  
  105  9:01  Siege Tank  
  108  9:07  Hellion  
  108  9:08  Hellion x2  
  108  9:09  Hellion  
  116  9:13  SCV x2  
  116  9:16  Terran Vehicle And Ship Armor Level 1  
  115  9:25  SCV x2  
  115  9:28  Hellion  
  115  9:29  Hellion x2  
  123  9:35  Refinery  
  123  9:37  SCV x2  
  125  9:44  Siege Tank x2  
  131  9:49  Viking  
  133  10:20  Command Center  
  133  10:22  Engineering Bay  
  133  10:38  Banshee, Hellion, Viking, Siege Tank x2, SCV  
  133  10:39  Hellion  
  133  10:41  Supply Depot  
  133  10:42  Supply Depot  
  149  10:46  Supply Depot  
  149  10:47  Supply Depot, Engineering Bay  
  149  10:48  Starport  
  149  11:02  Armory, SCV x2  
  149  11:03  Hellion x3  
  157  11:04  Supply Depot  
  157  11:08  Viking  
  157  11:10  Hellion, Siege Tank  
  157  11:11  Terran Ship Weapons Level 1  
  164  11:14  SCV  
  164  11:16  Missile Turret  
  165  11:19  Missile Turret  
  165  11:22  SCV x2, Missile Turret  
  165  11:23  Missile Turret  
  165  11:24  Hellion x3  
  173  11:26  SCV  
  173  11:31  Siege Tank  
  177  11:34  SCV, Refinery  
  177  11:39  Starport, Starport Tech Lab  
  178  11:43  Siege Tank, Fusion Core  
  178  11:44  Banshee, Starport Tech Lab  
  178  11:45  Hellion x3  
  186  12:04  Hellion  
  186  12:07  Hellion  
  160  12:15  Siege Tank  
  147  12:16  Hellion  
  141  12:25  Siege Tank  
  141  12:27  Banshee  
  147  12:32  Starport Tech Lab  
  147  12:35  Battlecruiser x2  
  159  12:38  Weapon Refit  
  159  12:40  SCV x3  
  159  12:42  Hellion x3  
  168  12:47  Siege Tank  
  168  12:50  Orbital Command  
  171  12:57  Hellion  
  171  12:58  Refinery  
  173  13:03  Hellion x3  
  179  13:10  Terran Vehicle Weapons Level 1  
  179  13:16  Battlecruiser  
  185  13:21  Battlecruiser  
  191  13:39  Raven x2  
  195  13:46  Hellion  
  195  13:47  Hellion  
  195  14:20  Raven  
  195  14:22  Raven  
  161  14:32  Banshee, Battlecruiser  
  161  14:34  Hellion x5  
  170  14:55  Hellion  
  172  15:03  Banshee  
Show
View Real Time Build Order
Export as new Build Order

FoxyGraph Terran 

Build Orders: MMM Bio 

Get SALT Encoding   

  12  0:01  SCV  
  13  0:13  SCV  
  14  0:20  Supply Depot  
  14  0:25  SCV  
  15  0:42  SCV  
  16  0:44  Barracks  
  16  0:49  Refinery  
  16  0:54  SCV  
  17  1:06  SCV  
  18  1:18  SCV  
  19  1:30  Orbital Command  
  20  1:40  Reaper  
  20  1:41  Command Center  
  20  1:57  Supply Depot  
  20  1:58  SCV  
  21  2:10  SCV  
  21  2:15  Reaper  
  23  2:18  Refinery  
  23  2:22  SCV  
  24  2:34  SCV  
  25  2:37  Command Center  
  25  2:45  Factory  
  25  2:46  SCV  
  25  3:00  SCV  
  25  3:02  Orbital Command  
  26  3:09  Factory  
  26  3:12  SCV  
  27  3:14  Barracks Tech Lab  
  27  3:24  SCV  
  27  3:25  Supply Depot  
  28  3:35  SCV  
  28  3:36  SCV  
  29  3:42  Marauder  
  29  3:43  Factory Tech Lab  
  29  3:48  SCV  
  32  3:50  Orbital Command  
  32  3:51  Barracks  
  32  3:53  SCV  
  33  3:59  Factory Reactor  
  33  4:03  Marauder  
  33  4:07  Cyclone  
  39  4:10  SCV x2  
  40  4:19  SCV  
  40  4:20  Supply Depot  
  40  4:22  SCV x2  
  40  4:23  Refinery  
  43  4:25  Refinery  
  43  4:29  Marauder  
  43  4:31  SCV  
  46  4:34  SCV x2  
  48  4:39  Cyclone  
  48  4:43  Widow Mine  
  48  4:44  Widow Mine  
  55  4:49  Marine  
  55  4:50  Marauder  
  58  4:57  SCV x2  
  58  4:58  SCV  
  58  4:59  Engineering Bay  
  61  5:07  Marine  
  61  5:09  SCV x2  
  61  5:10  SCV  
  61  5:11  Marine  
  61  5:12  Supply Depot, Barracks  
  66  5:19  Widow Mine x2  
  70  5:21  Cyclone  
  70  5:25  Stimpack  
  70  5:26  Barracks Tech Lab  
  73  5:32  SCV x2  
  73  5:33  SCV  
  76  5:37  Missile Turret  
  76  5:39  Missile Turret  
  76  5:43  Missile Turret  
  76  5:44  SCV x2  
  76  5:45  SCV  
  76  5:47  Marine  
  76  5:48  Sensor Tower  
  76  5:49  Marine  
  81  5:50  Combat Shields  
  81  5:52  Widow Mine  
  73  6:05  Marine  
  71  6:21  SCV x3  
  74  6:26  Missile Turret  
  74  6:28  Marauder x2  
  74  6:30  Barracks Reactor  
  78  6:33  SCV x3  
  81  6:41  Sensor Tower  
  81  6:45  SCV x3  
  79  6:57  SCV  
  69  7:05  Widow Mine x2  
  69  7:07  Siege Tank  
  69  7:08  Marine x2, Marauder x2  
  71  7:13  SCV x3  
  76  7:18  Bunker  
  76  7:22  Bunker  
  76  7:25  SCV  
  76  7:26  SCV  
  76  7:28  SCV  
  76  7:29  Marauder  
  81  7:35  Marine x2  
  81  7:36  Marauder  
  85  7:49  SCV x2  
  85  7:51  SCV, Cyclone  
  85  7:57  Widow Mine  
  85  8:09  Missile Turret, Widow Mine  
  85  8:10  Marauder  
  81  8:14  Marine  
  81  8:15  Marauder, Marine  
  77  8:22  Missile Turret  
  77  8:25  Widow Mine  
  79  8:31  Marauder  
  79  8:37  Mag-Field Accelerator  
  79  8:38  Widow Mine  
  79  8:39  Marine x2  
  79  8:40  Marauder  
  85  8:41  Factory x2  
  85  8:55  Marauder  
  84  8:59  Missile Turret  
  83  9:17  SCV x2, Refinery x2  
  85  9:25  Factory Tech Lab x2  
  85  9:31  Starport  
  85  9:32  Starport  
  85  9:36  Concussive Shells  
  85  9:44  Barracks  
  85  9:45  Barracks  
  85  9:51  Barracks  
  85  9:52  Barracks  
  85  9:54  Command Center  
  85  10:01  Supply Depot  
  85  10:02  SCV, Cyclone, Marauder, Marine x2  
  85  10:04  Supply Depot  
  85  10:06  Supply Depot x2, Cyclone, Hellion x2  
  100  10:07  Infernal Pre-Igniter  
  100  10:13  Command Center  
  100  10:23  Cyclone, Marauder  
  100  10:24  Starport Reactor x2  
  100  10:28  Hellion x2  
  109  10:32  Marine x2  
  109  10:33  Marauder  
  109  10:34  Cyclone  
  109  10:35  Barracks Tech Lab  
  116  10:38  Cyclone  
  119  10:45  Marauder  
  121  10:56  Armory x2  
  121  10:59  Cyclone  
  121  11:01  Hellion x2  
  121  11:03  Marine x2  
  121  11:04  Marauder  
  132  11:06  Cyclone, Marauder  
  132  11:08  Liberator x2  
  132  11:10  Cyclone  
  140  11:17  SCV x3  
  143  11:19  Barracks Reactor, Marauder  
  143  11:25  Marauder  
  150  11:28  Marauder  
  150  11:29  SCV x2  
  150  11:31  Orbital Command  
  123  12:08  Marine x2  
  123  12:09  Marine  
  123  12:14  Barracks Tech Lab x2  
  123  12:15  Marauder, Marine x3  
  97  12:25  Planetary Fortress  
  97  12:26  Marine x3  
  97  12:29  Cyclone x3  
  101  12:31  Hellion x2  
  101  12:33  Orbital Command, Marauder x2  
  101  12:34  Liberator x2  
  109  12:49  Terran Vehicle And Ship Armor Level 1, Terran Vehicle Weapons Level 1  
  109  12:50  Missile Turret  
  109  12:52  Missile Turret  
  109  12:54  Missile Turret  
  115  13:01  Cyclone x2  
  121  13:09  SCV x2  
  121  13:10  Refinery x2  
  123  13:13  Marauder, Marine x4  
  123  13:14  Marauder x2  
  123  13:16  Cyclone  
  123  13:18  Marauder  
  123  13:19  Marauder  
  140  13:24  Refinery  
  140  13:29  Supply Depot, Refinery  
  140  13:30  Supply Depot  
  140  13:31  Marine x4  
  140  13:33  Supply Depot, Cyclone  
  147  13:40  Marauder, Marine x3  
  147  13:41  Marauder  
  154  13:44  Cyclone  
  154  13:45  Hellion x2  
  161  13:48  Marine  
  162  13:59  Marauder  
  162  14:00  Cyclone  
  162  14:02  Marine x4  
  171  14:05  Cyclone  
  174  14:16  Cyclone  
  99  14:40  Marine, Marauder x4  
  99  14:41  Marauder  
  99  14:43  Liberator x4  
  78  14:49  Marine x3  
  78  14:52  Cyclone x2  
  84  14:58  Marine  
  81  15:01  Marine, Marauder  
  81  15:02  Marauder x3  
  81  15:07  Marine x3  
  102  15:13  Missile Turret  
  105  15:14  Missile Turret x2  
  105  15:20  Marauder  
  106  15:21  Cyclone  
  106  15:23  Marauder x2  
Tags
 
Add a new tag
Caveats
  • Supply blocks, unpowered buildings, or Contaminate may cause inaccurate times.
  • Supply counts are checked every 10 seconds.